 Dungeon Crawl Stone Soup version 0.25-a0-280-gfa4545f159 (webtiles) character file.

Game seed: 909785971799122534, levelgen mode: deterministic

23 argonath the Skirmisher (level 3, 0/29 HPs)
             Began as a Human Berserker on Dec 10, 2019.
             Was a Follower of Trog.
             Succumbed to a goblin's poison
             ... on level 1 of the Dungeon.
             The game lasted 00:09:46 (607 turns).

argonath the Skirmisher (Human Berserker)            Turns: 607, Time: 00:09:47

Health: 0/29       AC:  2    Str: 18    XL:     3   Next: 10%
Magic:  3/3        EV: 12    Int:  7    God:    Trog [*.....]
Gold:   39         SH:  0    Dex: 12    Spells: 2/2 levels left

rFire    . . .     SeeInvis .   k - +2 dagger (venom)
rCold    . . .     Gourm    .   (no shield)
rNeg     . . .     Faith    .   b - +0 animal skin
rPois    .         Spirit   .   (no helmet)
rElec    .         Reflect  .   (no cloak)
rCorr    .         Harm     .   (no gloves)
MR       .....                  (no boots)
Stlth    +.........             (no amulet)
HPRegen  0.09/turn              (no ring)
MPRegen  0.08/turn              (no ring)

@: lethally poisoned (0 -> -4), berserk cooldown, slowed, very slow
A: no striking features
a: Berserk, Renounce Religion


You were on level 1 of the Dungeon.
You worshipped Trog.
Trog was aware of your devotion.
You were full.

You visited 1 branch of the dungeon, and saw 1 of its levels.

You collected 39 gold pieces.

Inventory:

Hand Weapons
 a - a +0 hand axe
 d - a +0 whip
 e - a +0 club
 g - a +0 mace
 i - a +0 short sword
 j - a +0 dagger
 k - a +2 dagger of venom (weapon)
 m - a +0 whip
 o - a +0 dagger
Missiles
 h - 72 stones (quivered)
 l - a throwing net
Armour
 b - a +0 animal skin (worn)
Scrolls
 n - a scroll of identify {unknown}
 p - a scroll of magic mapping {unknown}
Potions
 f - a potion of flight {unknown}
Comestibles
 c - 3 rations


   Skills:
 + Level 3.4 Fighting
 + Level 3.3 Axes
 + Level 2.1 Armour
 + Level 2.2 Dodging
 + Level 0.2 Stealth


You had 2 spell levels left.
You didn't know any spells.
Your spell library was empty.

Dungeon Overview and Level Annotations

Branches:
Dungeon (1/15)

Altars:

Annotations:
D:1 1 exclusion


Message History

Drop what? 16/52 slots (_ for help) (? for menu, Esc to quit)
Okay, then.
There is a lethal amount of poison in your body!
You don't know any spells.
Okay, then.
What are your orders? t - Shout!
Orders for allies: a - Attack new target. r - Retreat! s - Stop attacking. g - Guard the area. f - Follow me.
Anything else - Cancel.
Okay, then.
Okay, then.
Unknown command.
* * * LOW HITPOINT WARNING * * *
You feel sick.
* * * LOW HITPOINT WARNING * * *
You feel sick.
You die...

.....# ............... .....#
.......<....... .....#
............... .....##
..⌠.........⌠.. ......##
............... .......###
.......⌠....... ##
###......#####.............#####.
###....#.....###############.....
.......###......@..# #.........
##.....# #...#####.# #..#...##.
#.....# #...# #.# #..#...##.
#.†...# #...# #.# #.........
#.##### #...# ##..####.##...###
#.# #†..# #................
##'#######...# #.#.####.##....##
#.....##....## #.#..# #.......#
#.†....'....# ###.##'###.......#


There were no monsters in sight!

Vanquished Creatures
  A leopard gecko (D:1)
  3 bats (D:1)
  A giant cockroach (D:1)
  3 goblins (D:1)
  2 hobgoblins (D:1)
  2 jackals (D:1)
  A frilled lizard (D:1)
  4 kobolds (D:1)
  4 rats (D:1)
21 creatures vanquished.

Notes
Turn   | Place    | Note
-------+----------+-------------------------------------------
     0 | D:1      | argonath the Human Berserker began the quest for the Orb.
     0 | D:1      | Reached XP level 1. HP: 18/18 MP: 1/1
    90 | D:1      | Reached XP level 2. HP: 8/24 MP: 2/2
   558 | D:1      | Reached XP level 3. HP: 23/29 MP: 3/3
   604 | D:1      | HP: 1/29 [poisoned by a goblin]
   607 | D:1      | Succumbed to a goblin's poison

Levels and vault maps discovered:
D:1:      dpeg_arrival_water_temple_mockup, layout_basic,
          minmay_misc_feat_more_columns

Action                   || total
-------------------------++-------
Melee: Hand axe          ||    40
Invok: Berserk           ||     2
  Eat: Ration            ||     2
Armor: Animal skin       ||     5
Dodge: Dodged            ||    33

Table legend:
 A = Non-vault XP
 B = Vault XP
 C = Vault XP percentage of total XP
 D = Non-vault monster count
 E = Vault monster count
 F = Vault count percentage of total count
                 A         B        C        D         E       F
            +---------+---------+-------+---------+---------+-------
      Total |      33 |       0 |   0.0 |      21 |       0 |   0.0
            +---------+---------+-------+---------+---------+-------
        D:1 |      33 |       0 |   0.0 |      21 |       0 |   0.0
            +---------+---------+-------+---------+---------+-------
